Map: Dusty Gorge

Players

Nigrnog

  • Race: Zerg Zerg
  • League: Silver
  • Spawn Location: 9:00

MooEsqoo

  • Race: Zerg Zerg
  • Spawn Location: 11:00

NoObs - Winner!

  • Race: Terran Terran
  • Spawn Location: 3:00

Starkweather - Winner!

  • Race: Zerg Zerg
  • Spawn Location: 5:00

VOD

Have the link to the VOD?

Description

Time

  • Played on: Dec. 25, 2019, 4:32 a.m.
  • Length: 15:15
Show
View Real Time Build Order
Export as new Build Order

Nigrnog Zerg 

Build Orders: Pool First, Zergling Baneling 

Get SALT Encoding   

  12  0:02  Drone  
  13  0:13  Overlord  
  13  0:18  Drone  
  14  0:31  Overlord  
  14  0:35  Drone  
  15  0:37  Drone  
  16  0:47  Drone  
  17  0:54  Spawning Pool  
  17  0:56  Extractor  
  15  1:02  Drone  
  16  1:07  Drone  
  18  1:18  Drone  
  18  1:35  Drone  
  19  1:43  Hatchery, Drone  
  19  1:51  Queen  
  21  1:56  Zergling x2  
  22  2:11  Zergling x2  
  23  2:21  Baneling Nest  
  23  2:22  Zergling x2  
  23  2:31  Zergling x2  
  24  2:41  Drone  
  25  2:54  Hatchery  
  25  2:55  Drone x3  
  27  3:06  Lair, Metabolic Boost  
  27  3:10  Zergling x2  
  27  3:11  Zergling x2  
  29  3:22  Roach Warren  
  28  3:29  Queen  
  30  3:52  Baneling x2  
  30  3:53  Baneling x3  
  30  3:56  Zergling x12  
  36  4:08  Overlord  
  36  4:12  Overlord  
  30  4:31  Baneling x4  
  30  4:40  Extractor  
  30  4:42  Drone  
  30  4:43  Drone x5  
  30  4:45  Overlord  
  35  4:51  Queen  
  37  5:09  Drone x2  
  39  5:15  Extractor  
  39  5:16  Extractor  
  37  5:23  Zergling x6  
  37  5:24  Zergling x10  
  39  5:58  Roach x2  
  39  5:59  Zergling x2, Roach x7  
  58  6:09  Baneling x2  
  58  6:24  Drone x6  
  64  6:35  Drone  
  64  6:36  Drone  
  66  6:40  Overlord  
  66  6:47  Overlord x3  
  57  7:06  Zergling x10  
  57  7:07  Zergling x4  
  54  7:13  Zergling x2  
  54  7:14  Zergling x4  
  49  7:28  Hatchery  
  48  7:47  Drone x4  
  48  7:48  Drone x4  
  56  7:54  Overseer  
  56  7:57  Overlord  
  56  8:04  Drone x2  
  58  8:11  Drone x3  
  61  8:19  Extractor  
  60  8:21  Extractor  
  59  8:27  Drone x2  
  59  8:28  Drone  
  59  8:32  Drone x4  
  66  8:39  Baneling x8  
  66  8:40  Baneling  
  49  9:01  Lair  
  44  9:13  Zergling x6  
  44  9:14  Zergling x14  
  44  9:15  Zergling x2  
  55  9:20  Drone x3  
  55  9:21  Drone  
  55  9:23  Drone  
  60  9:26  Drone  
  61  9:35  Drone  
  61  9:36  Drone  
  63  9:40  Drone x2  
  65  9:47  Queen  
  67  10:13  Hatchery  
  66  10:35  Overseer  
  66  10:36  Overseer x2  
  66  10:50  Spore Crawler  
  65  11:03  Spine Crawler  
  64  11:04  Spine Crawler  
  64  11:06  Spine Crawler x2  
  61  11:13  Drone x5, Spore Crawler  
  65  11:25  Infestation Pit  
  64  11:31  Overlord x4  
  64  11:32  Overlord x3  
  64  11:37  Baneling x3  
  64  11:38  Baneling x8  
  64  11:39  Baneling x8  
  64  11:40  Baneling x4  
  64  11:41  Baneling  
  64  11:52  Spire  
  63  11:59  Drone x5  
  63  12:00  Drone x2  
  70  12:09  Drone x3  
  70  12:11  Glial Reconstitution  
  70  12:15  Centrifical Hooks  
  73  12:19  Queen  
  75  12:29  Extractor  
  74  12:30  Extractor, Drone x5  
  74  12:31  Drone x2  
  74  12:33  Overlord  
  80  12:47  Drone x3  
  83  12:54  Zergling x4  
  83  12:55  Zergling x16  
  83  12:56  Zergling x8  
  97  12:59  Drone  
  98  13:09  Zergling x2  
  98  13:11  Zergling x10  
  104  13:19  Drone x3  
  108  13:20  Drone x2  
  109  13:28  Drone x3  
  112  13:40  Corruptor x3  
  118  13:42  Overlord  
  118  13:43  Overlord x3  
  82  14:03  Zergling x8  
  82  14:04  Zergling x8  
  85  14:17  Drone  
  85  14:19  Zergling x6  
  83  14:29  Zergling x4  
  83  14:30  Zergling x2  
  57  14:48  Zergling x4  
Show
View Real Time Build Order
Export as new Build Order

MooEsqoo Zerg 

Build Orders: Pool First 

Get SALT Encoding   

  12  0:01  Drone  
  13  0:14  Overlord  
  13  0:18  Drone  
  14  0:32  Drone x2  
  16  0:55  Extractor  
  15  0:58  Spawning Pool  
  15  0:59  Drone x3  
  17  1:10  Drone  
  18  1:23  Overlord  
  18  1:33  Hatchery  
  17  1:45  Queen  
  17  1:46  Zergling x2  
  20  1:49  Zergling x2  
  21  2:13  Zergling x2  
  21  2:14  Metabolic Boost  
  22  2:20  Zergling x4  
  24  2:24  Queen  
  24  2:29  Overlord  
  26  2:38  Zergling x2  
  27  2:49  Overlord  
  27  2:50  Zergling x2  
  28  3:05  Zergling x2, Drone x2  
  30  3:06  Zergling x2  
  32  3:22  Zergling x4, Drone x2  
  36  3:35  Zergling x4, Drone  
  36  3:36  Drone  
  40  3:52  Overlord  
  40  3:53  Overlord  
  40  3:57  Overlord x2  
  40  4:15  Zergling x6, Drone x2  
  40  4:16  Drone  
  44  4:28  Zergling x2, Drone  
  46  4:40  Lair  
  44  5:20  Drone  
  44  5:21  Zergling x10, Drone x4  
  49  5:22  Zergling x2, Drone  
  41  5:58  Zergling x6, Drone x3  
  42  6:17  Roach Warren  
  40  6:19  Evolution Chamber, Drone x2  
  40  6:20  Drone x4  
  40  6:22  Evolution Chamber  
  44  6:28  Baneling Nest  
  43  6:38  Extractor  
  42  6:41  Hatchery, Extractor  
  34  7:05  Spire  
  33  7:10  Spire, Infestation Pit  
  31  7:18  Zergling x2, Hydralisk Den, Drone  
  31  7:19  Roach x2, Drone  
  31  7:20  Roach, Drone x2  
  19  7:54  Overseer  
  19  8:00  Zergling x8, Drone x5  
  19  8:01  Roach  
  19  8:02  Roach  
  31  8:29  Overlord  
  31  8:30  Overlord  
  31  8:35  Drone  
  32  8:55  Roach  
  34  10:01  Queen x2  
  34  10:02  Queen  
  40  10:15  Drone  
  40  10:16  Drone x7  
  48  10:24  Overlord  
  48  10:42  Overlord  
  48  10:49  Corruptor  
  50  11:11  Corruptor  
  50  11:12  Corruptor  
  50  11:13  Drone  
  50  11:14  Drone  
  56  11:28  Drone x3  
  56  11:29  Drone  
  60  11:40  Drone x4  
  64  11:50  Zerg Missile Weapons Level 1  
  60  12:14  Extractor, Drone x2  
  60  12:15  Drone x4  
  65  12:46  Overlord x4  
  65  12:47  Overlord  
  65  13:01  Overlord x3  
  65  13:13  Drone x3  
  65  13:14  Drone x2  
  70  13:41  Hydralisk  
  70  13:42  Hydralisk x2  
  70  13:43  Drone  
  70  13:45  Drone  
  54  14:29  Zergling x12  
  54  14:30  Zergling x16  
  54  14:31  Zergling x10  
Show
View Real Time Build Order
Export as new Build Order

NoObs Terran - Winner!

Build Orders:  

Get SALT Encoding   

  12  0:01  SCV  
  13  0:13  SCV  
  14  0:18  Supply Depot  
  14  0:25  SCV  
  15  0:40  SCV  
  16  0:42  Barracks  
  16  0:52  SCV  
  17  0:57  Refinery  
  17  0:59  Refinery  
  17  1:04  SCV  
  18  1:11  Supply Depot  
  18  1:24  SCV  
  19  1:31  Supply Depot  
  19  1:36  SCV  
  20  1:48  SCV  
  20  1:53  Factory  
  21  1:58  Marine  
  22  2:05  SCV  
  23  2:15  Marine  
  23  2:17  SCV  
  25  2:33  Marine  
  26  2:37  Starport  
  26  2:38  Factory Tech Lab  
  26  2:41  Ghost Academy  
  26  2:51  Marine  
  26  2:57  Siege Tank  
  30  3:00  SCV  
  31  3:09  Marine, Supply Depot  
  32  3:18  Medivac  
  34  3:27  Marine  
  35  3:59  Command Center  
  35  4:06  Barracks Tech Lab  
  35  4:14  Siege Tank  
  38  4:26  Ghost  
  38  4:30  Personal Cloaking  
  40  4:38  Supply Depot  
  40  5:02  Supply Depot  
  40  5:06  Ghost  
  42  5:16  Siege Tank  
  45  5:25  Supply Depot  
  38  5:55  Nuke  
  31  6:16  Ghost  
  33  6:34  Orbital Command  
  33  6:38  Command Center  
  33  6:52  Refinery  
  33  6:54  Refinery  
  33  8:18  Nuke  
  33  8:20  Siege Tank  
  36  8:30  Armory  
  36  8:35  SCV  
  37  8:47  SCV  
  38  9:00  SCV  
  39  9:12  SCV  
  40  9:24  SCV  
  41  9:49  Nuke  
  41  9:53  Thor  
  47  10:00  Factory  
  47  10:02  Medivac  
  49  10:32  Medivac  
  51  10:36  Thor  
  57  10:59  Terran Vehicle Weapons Level 1  
  57  11:01  Medivac  
  57  11:02  Factory Tech Lab  
  59  11:18  Thor  
  63  12:13  Nuke  
  63  12:17  Thor  
  63  12:18  Medivac  
  71  12:22  Thor  
  77  12:48  Medivac  
  77  12:49  SCV  
  80  13:00  SCV  
  80  13:01  SCV  
  82  13:12  SCV  
  83  13:14  SCV  
  83  13:15  Ghost  
  86  13:24  SCV  
  86  13:26  SCV  
  88  13:36  SCV  
  88  13:38  SCV  
  90  13:44  Ghost  
  93  13:48  SCV  
  87  14:40  Starport Reactor  
Show
View Real Time Build Order
Export as new Build Order

Starkweather Zerg - Winner!

Build Orders: Pool First, Swarm Host 

Get SALT Encoding   

  12  0:23  Spawning Pool  
  12  0:24  Drone  
  12  0:27  Extractor  
  11  0:30  Drone  
  12  0:35  Drone  
  12  0:41  Drone  
  14  0:51  Overlord  
  14  1:21  Drone  
  14  1:22  Drone  
  16  1:26  Hatchery  
  16  1:32  Drone  
  16  1:34  Drone  
  17  1:42  Queen  
  19  1:53  Drone  
  20  1:57  Overlord  
  20  2:09  Overlord  
  20  2:28  Drone  
  21  2:33  Lair  
  21  2:38  Queen  
  21  2:39  Overlord  
  23  2:49  Zergling x8  
  27  3:01  Zergling x4  
  29  3:12  Drone  
  30  3:13  Spore Crawler  
  29  3:20  Zergling x2  
  29  3:21  Zergling x6  
  29  3:24  Metabolic Boost  
  33  3:38  Drone x3  
  36  4:00  Drone x8  
  44  4:09  Drone  
  45  4:10  Infestation Pit  
  35  4:26  Drone  
  35  4:27  Roach Warren  
  35  4:31  Drone  
  35  4:32  Extractor  
  34  4:45  Drone x3  
  37  4:48  Drone x2  
  39  4:56  Drone x2  
  43  5:07  Roach x5  
  43  5:09  Overlord x2  
  43  5:11  Glial Reconstitution  
  51  5:25  Extractor  
  51  5:26  Extractor  
  49  5:28  Spore Crawler  
  49  5:29  Drone x3  
  49  5:32  Roach x3  
  49  5:33  Spore Crawler  
  56  5:46  Roach x5  
  66  6:24  Drone x2  
  68  6:26  Overlord x2  
  68  6:27  Overlord  
  68  6:50  Roach  
  68  6:51  Roach x11  
  84  7:10  Burrow  
  84  7:12  Tunneling Claws  
  82  7:28  Drone  
  82  7:29  Drone x2  
  85  7:32  Hive  
  85  7:35  Drone x2  
  85  7:36  Drone  
  88  7:37  Hatchery, Overlord x2  
  88  7:38  Extractor  
  86  7:45  Extractor  
  85  7:58  Evolution Chamber, Drone x3  
  87  8:00  Evolution Chamber x2  
  85  8:08  Hydralisk Den, Drone  
  85  8:21  Pneumatized Carapace  
  85  8:46  Hydralisk, Roach x6  
  85  8:47  Hydralisk x5  
  69  9:04  Queen  
  69  9:09  Roach  
  73  9:10  Roach x4  
  73  9:16  Queen  
  79  9:18  Hydralisk x3, Roach x4  
  85  9:40  Zerg Missile Weapons Level 1, Zerg Ground Armor Level 1, Zerg Melee Weapons Level 1  
  85  9:54  Hydralisk x2  
  85  9:55  Hydralisk x7  
  103  10:16  Drone  
  103  10:17  Drone x2  
  106  10:31  Roach x4  
  114  10:37  Overlord x5  
  114  10:39  Adrenal Glands  
  114  10:42  Grooved Spines  
  114  10:50  Overseer x3  
  114  11:34  Swarm Host x7  
  114  11:35  Swarm Host x2  
  141  11:47  Drone x3  
  141  11:48  Overlord  
  141  11:49  Overlord x2  
  141  11:53  Muscular Augments  
  144  11:58  Zerg Ground Armor Level 2  
  144  12:02  Zerg Missile Weapons Level 2  
  144  12:13  Zerg Melee Weapons Level 2  
  144  12:42  Roach  
  144  12:43  Roach x9  
  164  12:47  Zergling x2  
  164  12:48  Zergling x26  
  178  13:24  Neural Parasite  
  178  13:28  Overlord  
  178  13:29  Overlord x4  
  132  14:14  Roach  
  132  14:15  Roach x10  
Tags
 
Add a new tag
Caveats
  • Supply blocks, unpowered buildings, or Contaminate may cause inaccurate times.
  • Supply counts are checked every 10 seconds.